 Dungeon Crawl Stone Soup version 0.18.1-5-g4a78601 (webtiles) character file.

824 M4edhros the Covert (level 7, -6/46 HPs)
             Began as an Octopode Artificer on May 10, 2016.
             Mangled by Pikel
             ... wielding a +1 whip of electrocution
              (22 damage)
             ... on level 4 of the Dungeon.
             The game lasted 00:04:38 (2300 turns).

M4edhros the Covert (Octopode Artificer)            Turns: 2300, Time: 00:04:39

Health: -6/46      AC:  1    Str: 11    XL:     7   Next: 96%
Magic:  9/9        EV: 13    Int: 19    God:
Gold:   247        SH:  3    Dex: 14    Spells: 0 memorised, 6 levels left

rFire  . . .     SeeInvis .     j - +0 short sword (elec)
rCold  . . .     Gourm    .     C - +0 buckler
rNeg   . . .     Faith    .     (helmet restricted)
rPois  .         Spirit   .     h - amulet of harm
rElec  .         Dismiss  .     (no ring)
rCorr  .         Reflect  .     (no ring)
SustAt .         Harm     +     (no ring)
MR     .....                    (no ring)
Stlth  ++++++....               (no ring)
                                (no ring)
                                (no ring)
                                (no ring)

@: brilliant, not resistant to hostile enchantments, very stealthy
A: almost no armour, amphibious, 8 rings, constrict 8, camouflage 1, gelatinous
body 1
a: no special abilities


You were on level 4 of the Dungeon.
You were not hungry.

You visited 1 branch of the dungeon, and saw 6 of its levels.
You also visited: Ossuary.

You collected 247 gold pieces.

Inventory:

Hand Weapons
 a - a +0 short sword
 j - a +0 short sword of electrocution (weapon)
 n - a +2 vampiric halberd
 s - a +0 quarterstaff of protection
Armour
 C - a +0 buckler (worn)
Jewellery
 h - an amulet of harm (around mantle)
Wands
 b - a wand of flame (3/48)
 c - a wand of enslavement (11/24)
 d - a wand of random effects (7/48)
Scrolls
 m - 2 scrolls of amnesia {unknown}
 o - a scroll of enchant armour {unknown}
 p - 2 scrolls of immolation {unknown}
 q - 2 scrolls of magic mapping {unknown}
 u - a scroll of enchant weapon {unknown}
 v - 2 scrolls of identify {unknown}
 w - a scroll of teleportation {unknown}
 y - a scroll of torment {unknown}
Potions
 i - a potion of resistance
 l - 2 potions of might
 r - 2 potions of agility {unknown}
 x - 2 potions of flight {unknown}
 z - a potion of mutation {unknown}
 A - 2 potions of lignification {unknown}
 B - a potion of invisibility {unknown}
 D - a potion of haste {unknown}
Books
 t - a book of Power

   Spells                             Type                      Level
   a - Fulminant Prism                Conjuration/Hexes            4
   b - Iskenderun's Mystic Blast      Conjuration                  4
   c - Venom Bolt                     Conjuration/Poison           5
   d - Bolt of Magma                  Conjuration/Fire/Earth       5
   e - Iron Shot                      Conjuration/Earth            6
   f - Orb of Destruction             Conjuration                  7
   g - Spellforged Servitor           Conjuration/Summoning        7
Comestibles
 f - 3 bread rations
 g - 2 meat rations


   Skills:
 + Level 3.4 Fighting
 - Level 1.0 Short Blades
 + Level 3.9 Dodging
 - Level 10.1 Stealth
 - Level 3.2 Evocations


You had 6 spell levels left.
You didn't know any spells.

Dungeon Overview and Level Annotations

Branches:
Dungeon (6/15)
 Temple: D:4-7

Altars:
The Shining One

Annotations:
D:4 Pikel
D:6 oplop's ghost, novice OpTm


Innate Abilities, Weirdness & Mutations

You cannot wear most types of armour.
You are amphibious.
You can wear up to eight rings at the same time.
You can use your tentacles to constrict eight enemies at once.
Your skin changes colour to match your surroundings (Stealth).
Your rubbery body absorbs attacks (AC +1).


Message History

Pikel hits you with a whip of electrocution!
You hit Pikel.
Pikel is moderately wounded.
You constrict Pikel, but do no damage.
The slave is no longer charmed.
The slave hits you.
Pikel hits you with a whip of electrocution.
You hit Pikel but do no damage.
Pikel is moderately wounded.
You constrict Pikel. The slave barely misses you. You block Pikel's attack.
A giant cockroach comes into view.
You hit Pikel but do no damage. You squeeze Pikel.
Pikel is heavily wounded.
You constrict Pikel, but do no damage. The slave hits you.
Pikel closely misses you.
You hit Pikel but do no damage.
Pikel is heavily wounded.
You constrict Pikel. The slave hits you.
You block the giant cockroach's attack. Pikel hits you but does no damage.
You are electrocuted!
You die...

..# ...... ....
.... ..# #. ..#
..
#.##.##K###..>.
.
#....s@p......#
..####.##.######
##### .. #. #.#
##...###
.##.##.##.#
##.....#.
..........#
#........
#.##...##
#........ ##...#
#........ #...#
##.....#. #...#
##...##.


You could see Pikel, a slave and a giant cockroach.

Vanquished Creatures
  Menkaure (D:6)
  Edmund (D:4)
  3 slaves (D:4)
  An ogre (D:6)
  A giant frog (D:6)
  2 water moccasin zombies (Ossuary)
  A gnoll shaman (D:4)
  An iguana (D:4)
  2 orc wizards (D:4)
  2 big kobold zombies (Ossuary)
  2 mummies (Ossuary)
  3 gnolls
  2 adders
  A shadow imp (D:5)
  6 adder zombies (Ossuary)
  A dart slug (D:1)
  A giant gecko (D:3)
  11 orcs
  A bat (D:1)
  2 giant cockroaches
  3 gnoll zombies (Ossuary)
  3 goblins (D:1)
  A hobgoblin (D:1)
  A quokka (D:4)
  A giant gecko skeleton (D:4)
  A giant newt (D:4)
  3 hobgoblin zombies (Ossuary)
  A jackal zombie (D:5)
  6 kobold zombies
  4 orc zombies (Ossuary)
  4 rats
73 creatures vanquished.

Vanquished Creatures (collateral kills)
  An orc (D:6)
1 creature vanquished.

Vanquished Creatures (others)
  3 gnolls
3 creatures vanquished.

Grand Total: 77 creatures vanquished

Notes
Turn   | Place    | Note
--------------------------------------------------------------
     0 | D:1      | M4edhros the Octopode Artificer began the quest for the Orb.
     0 | D:1      | Reached XP level 1. HP: 13/13 MP: 3/3
    65 | D:1      | Reached skill level 2 in Stealth
    81 | D:1      | Reached XP level 2. HP: 18/18 MP: 4/4
   122 | D:1      | Reached skill level 3 in Stealth
   202 | D:1      | Found a glowing golden altar of the Shining One.
   645 | D:3      | You fall through a shaft for 3 floors!
   645 | D:6      | Noticed a giant frog
   650 | D:6      | Killed a giant frog
   650 | D:6      | Reached skill level 6 in Stealth
   650 | D:6      | Reached XP level 3. HP: 14/23 MP: 5/5
   650 | D:6      | Reached XP level 4. HP: 17/28 MP: 6/6
   863 | D:6      | Reached XP level 5. HP: 33/33 MP: 7/7
   965 | D:6      | Noticed Menkaure
  1103 | D:6      | Killed Menkaure
  1103 | D:6      | Reached skill level 8 in Stealth
  1103 | D:6      | Reached XP level 6. HP: 37/38 MP: 8/8
  1227 | D:6      | Reached skill level 9 in Stealth
  1228 | D:6      | Noticed oplop's ghost (novice OpTm)
  1283 | D:5      | Entered Level 5 of the Dungeon
  1513 | D:5      | Found a sand-covered staircase.
  1537 | Ossuary  | Entered an ossuary
  1742 | Ossuary  | Reached skill level 10 in Stealth
  1742 | Ossuary  | Reached XP level 7. HP: 30/43 MP: 9/9
  2062 | D:4      | Noticed Edmund
  2072 | D:4      | Killed Edmund
  2272 | D:4      | Noticed Pikel
  2300 | D:4      | Mangled by Pikel

Skill      XL: |  1  2  3  4  5  6  7 |
---------------+----------------------+-----
Stealth        | 2 6 8 10 | 10.1
Fighting       | 3 |  3.4
Dodging        | 3 |  3.9
Short Blades   | |  1.0
Evocations     | |  3.2

Action                   |  1- 3 |  4- 6 |  7- 9 || total
-------------------------+-------+-------+-------++-------
Melee: Short sword       |    24 |     8 |    32 ||    64
       Constrict         |     4 |    14 |    23 ||    41
       Tentacles         |     1 |    10 |    17 ||    28
       Quarterstaff      |       |    59 |    50 ||   109
Evoke: Wand              |       |    10 |    14 ||    24
  Use: Potion            |       |     1 |     3 ||     4
 Stab: Sleeping          |     7 |     3 |     5 ||    15
       Distracted        |       |       |     1 ||     1
  Eat: Pizza             |       |     1 |       ||     1
       Chunk             |       |       |     2 ||     2
       Beef jerky        |       |       |     1 ||     1
Armor: Skin              |     2 |    14 |    26 ||    42
Dodge: Dodged            |    10 |    45 |    51 ||   106
Block: Buckler           |       |       |     3 ||     3
